 Dungeon Crawl Stone Soup version 0.28.0-43-g3370ac3207 (webtiles) character file.

Game seed: 7430014238255792236

91 terff the Skirmisher (level 4, -1/36 HPs)
             Began as a Human Fighter on Mar 30, 2022.
             Frozen to death by an endoplasm (3 damage)
             ... on level 2 of the Dungeon.
             The game lasted 00:04:00 (1994 turns).

terff the Skirmisher (Human Fighter)                Turns: 1994, Time: 00:04:01

Health: -1/36      AC:  6    Str: 16    XL:     4   Next: 88%
Magic:  4/4        EV:  9    Int:  8    God:
Gold:   89         SH:  6    Dex: 15    Spells: 3/3 levels left

rFire   . . .      SeeInvis .   a - +0 flail
rCold   . . .      Faith    .   c - +1 buckler
rNeg    . . .      Spirit   .   b - +0 scale mail
rPois   .          Reflect  .   (no helmet)
rElec   .          Harm     .   (no cloak)
rCorr   .          Rampage  .   (no gloves)
Will    .....                   (no boots)
Stlth   ..........              (no amulet)
HPRegen 0.12/turn               (no ring)
MPRegen 0.09/turn               (no ring)

@: no status effects
A: no striking features
a: no special abilities


You were on level 2 of the Dungeon.
You visited 1 branch of the dungeon, and saw 2 of its levels.

You collected 89 gold pieces.

Inventory:

Hand Weapons
 a - a +0 flail (weapon)
Armour
 b - a +0 scale mail (worn)
 c - a +1 buckler (worn)
Scrolls
 e - 2 scrolls of silence {unknown}
Potions
 d - 2 potions of might
 h - a potion of ambrosia


   Skills:
 * Level 3.6 Fighting
 + Level 3.0 Maces & Flails
 + Level 3.6 Armour
 + Level 0.2 Dodging
 + Level 3.5 Shields


You had 3 spell levels left.
You didn't know any spells.
Your spell library was empty.

Dungeon Overview and Level Annotations

Branches:
Dungeon (2/15)

Altars:

Shops:
D:1 (


Message History

The endoplasm freezes you.
You are frozen.
You hit the worm.
The worm is lightly wounded.
The worm bites you but does no damage.
The endoplasm hits you but does no damage.
You barely miss the worm.
The worm is lightly wounded.
The endoplasm freezes you.
You are frozen.
You block the worm's attack.
You hit the worm.
The worm is moderately wounded.
The endoplasm hits you but does no damage.
You sock the worm!
The worm is severely wounded.
The endoplasm hits you. The worm bites you. The endoplasm freezes you.
You are frozen.
* * * LOW HITPOINT WARNING * * *
You hit the worm.
The worm is almost dead.
The endoplasm hits you but does no damage.
The worm bites you but does no damage.
You hit the worm.
The worm is almost dead.
The endoplasm freezes you.
You are frozen.
* * * LOW HITPOINT WARNING * * *
The worm barely misses you.
You hit the worm but do no damage.
The worm is almost dead.
The endoplasm hits you but does no damage.
The endoplasm hits you.
* * * LOW HITPOINT WARNING * * *
You block the worm's attack.
You sock the worm!
You kill the worm!
The endoplasm freezes you.
You are frozen.
You die...

##. ##.................
#............####..
#............# ##.#
#..........†.###...
..J####...........)...†.
#..............###)....
...####.#.##..#.# #.#...
#.J......#.##..#...
#.@.###..#.#..##...
#.†.# #......# #...
.....# ..## #...
...#.#.# .. .... .......
.# .. ......# .. ...#.#
#. #.... ..


You could see an endoplasm.

Vanquished Creatures
  Natasha (D:2)
  An adder (D:2)
  A worm (D:2)
  3 dart slugs
  4 ball pythons (D:1)
  5 endoplasms
  7 hobgoblins
  4 jackals (D:2)
  4 bats
  4 frilled lizards
  8 goblins
  4 kobolds
  3 rats (D:1)
49 creatures vanquished.

Notes
Turn   | Place    | Note
-------+----------+-------------------------------------------
     0 | D:1      | terff the Human Fighter began the quest for the Orb.
     0 | D:1      | Reached XP level 1. HP: 18/18 MP: 1/1
   222 | D:1      | Reached XP level 2. HP: 11/24 MP: 2/2
   382 | D:1      | Found a faded altar of an unknown god.
   715 | D:1      | Reached XP level 3. HP: 29/29 MP: 3/3
   959 | D:1      | Found Niliolo's Antique Weapon Shop.
  1216 | D:2      | Noticed Natasha
  1236 | D:2      | Killed Natasha
  1237 | D:2      | Reached XP level 4. HP: 32/35 MP: 4/4
  1994 | D:2      | Frozen to death by an endoplasm

Illustrated notes

Levels and vault maps discovered:
D:1:      ncdulo_halloftheorcs, layout_loops_ring, serial_shops,
          nicolae_shop_hallway_stairs, dreamdust_ecumenical_altar_statues,
          chequers_serial_rivers_small_a
D:2:      layout_rooms, uniq_natasha

Skill      XL: |  1  2  3  4 |
---------------+-------------+-----
Maces & Flails | 3 |  3.0
Fighting       | |  3.6
Armour         | |  3.6
Dodging        | |  0.2
Shields        | |  3.5

Action                   |  1- 3 |  4- 6 || total
-------------------------+-------+-------++-------
Melee: Flail             |    88 |    68 ||   156
  Use: Scroll            |     5 |       ||     5
       Potion            |     2 |       ||     2
Armor: Scale mail        |    38 |    63 ||   101
Dodge: Dodged            |    21 |    60 ||    81
Block: Buckler           |    28 |    31 ||    59
